 Seeded DCSS version 0.30-a0-715-gdb4ae3ece1 (webtiles) character file.

Game seed: 342128223821957488 (custom seed)

178754 flotson the Basher (level 17, -22/133 HPs)
             Began as a Demonspawn Delver on Jan 24, 2023.
             Was an Initiate of Gozag.
             Killed from afar by a deep elf annihilator (60 damage)
             ... with a crystal spear
             ... on level 3 of the Elven Halls.
             The game lasted 01:00:36 (32481 turns).

flotson the Basher (Demonspawn Delver)             Turns: 32481, Time: 01:00:36

Health: -22/133    AC: 33    Str: 26    XL:     17   Next: 58%
Magic:  29/29      EV: 13    Int: 12    God:    Gozag
Gold:   3078       SH: 12    Dex: 14    Spells: 23/32 levels left

rFire   . . .      SeeInvis +    a - +7 sceptre of Torment {pain, torment}
rCold   . . .      Faith    .    X - +2 buckler {AC+3}
rNeg    . . .      Spirit   .    N - +5 chain mail of Shadows and Fog {Will+}
rPois   .          Reflect  +    d - +0 mask of the Dragon {Will+ Slay+3 SInv}
rElec   .          Harm     .    O - +2 cloak {Stlth+}
rCorr   .          Rampage  .    i - +0 pair of gloves "Ynuimet" {Str+5}
Will    +++..                    (boots unavailable)
Stlth   +                        j - amulet of reflection
HPRegen 0.42/turn                T - +4 ring of slaying
MPRegen 0.21/turn                z - +4 ring of slaying

@: lethally poisoned (-22 -> -34), gold aura, sanguine armoured, studying 2
skills
A: hooves 3, foul stench 2, powered by pain 1, augmentation 2, sanguine armour 2
a: Renounce Religion, Potion Petition, Call Merchant, Bribe Branch


You were on level 3 of the Elven Halls.
You worshipped Gozag.
Gozag was most pleased with you.
You visited 4 branches of the dungeon, and saw 25 of its levels.
You also visited: Bailey and Gauntlet.

You collected 11646 gold pieces.
You spent 6043 gold pieces at shops.
You paid 2525 gold pieces to Gozag.

Inventory:

Hand Weapons
 a - the +7 sceptre of Torment (weapon) {pain, torment}
   (You bought it in a shop on level 2 of the Dungeon)
 b - the +10 mace of Equivalence {heavy, rPois rC- Str+4 Stlth+}
   (You bought it in a shop on level 1 of the Orcish Mines)

   Str:       It affects your strength (+4).
   rC:        It makes you vulnerable to cold.
   rPois:     It protects you from poison.
   Stlth:     It makes you more stealthy.
 c - a +5 heavy bardiche
Missiles
 f - 11 javelins (quivered)
 h - 5 boomerangs
 o - 8 curare-tipped darts
 D - 6 throwing nets
 R - 31 poisoned darts
Armour
 d - the +0 mask of the Dragon (worn) {Will+ Slay+3 SInv}
   (You bought it in a shop on level 1 of the Elven Halls)

   Slay:      It affects your accuracy & damage with ranged weapons and melee
   (+3).
   SInv:      It lets you see invisible.
   Will:      It increases your willpower.
 i - the +0 pair of gloves "Ynuimet" (worn) {Str+5}
   (You bought it in a shop on level 2 of the Dungeon)

   Str:       It affects your strength (+5).
 N - the +5 chain mail of Shadows and Fog (worn) {Will+}
   (You bought it in a shop on level 1 of the Orcish Mines)

   Will:      It increases your willpower.
 O - a +2 cloak of stealth (worn)
 X - a +2 buckler of protection (worn)
Jewellery
 j - an amulet of reflection (around neck)
 k - a ring of resist corrosion
 n - an amulet of guardian spirit
 z - a +4 ring of slaying (right hand)
 C - a ring of protection from cold
 M - a ring of protection from fire
 T - a +4 ring of slaying (left hand)
Wands
 g - a wand of digging (11)
 v - a wand of flame (26)
 E - a wand of charming (35)
 I - a wand of polymorph (14)
Scrolls
 e - 4 scrolls of fear
 m - 6 scrolls of blinking
 q - 3 scrolls of fog
 s - a scroll of summoning
 t - a scroll of brand weapon {unknown}
 u - 14 scrolls of teleportation
 x - 4 scrolls of immolation
 y - 2 scrolls of vulnerability
 H - 2 scrolls of noise {unknown}
 S - 3 scrolls of poison
 W - a scroll of magic mapping
Potions
 l - 2 potions of cancellation
 p - 7 potions of attraction
 r - 7 potions of lignification
 w - 6 potions of curing
 A - 6 potions of flight
 B - 3 potions of resistance
 G - 2 potions of heal wounds
 J - 4 potions of might
 K - 3 potions of ambrosia
 U - 2 potions of invisibility
 V - 2 potions of haste
 Y - 2 potions of berserk rage
Miscellaneous
 Q - a piece from Xom's chessboard (15/15)


   Skills:
 + Level 12.0 Fighting
 * Level 13.7 Maces & Flails
 + Level 10.6 Throwing
 + Level 10.4 Armour
 + Level 10.7 Dodging
 - Level 5.0 Stealth
 + Level 6.3 Shields
 - Level 8.0 Spellcasting
 + Level 13.4 Necromancy
 + Level 11.5 Evocations


You had 23 spell levels left.
You knew the following spells:

 Your Spells              Type           Power      Damage    Failure   Level
a - Necrotise             Necr           100%       1d9       1%          1
b - Vampiric Draining     Necr           37%        2d8       1%          3
c - Agony                 Necr           37%        N/A       10%         5

Your spell library contained the following spells:

 Spells                   Type           Power      Damage    Failure   Level
 Apportation              Tloc           8%         N/A       65%         1
 Magic Dart               Conj           16%        1d3       65%         1
 Summon Small Mammal      Summ           16%        N/A       65%         1
 Lesser Beckoning         Tloc           8%         N/A       78%         2
 Searing Ray              Conj           8%         2d4       78%         2
 Call Canine Familiar     Summ           4%         N/A       95%         3
 Gell's Gravitas          Tloc           4%         N/A       95%         3
 Inner Flame              Hex/Fire       4%         N/A       95%         3
 Portal Projectile        Hex/Tloc       8%         N/A       95%         3
 Summon Guardian Golem    Hex/Summ       4%         N/A       95%         3
 Teleport Other           Tloc           4%         N/A       95%         3
 Tukima's Dance           Hex            4%         N/A       95%         3
 Cause Fear               Hex            2%         N/A       100%        4
 Fulminant Prism          Conj/Hex       2%         3d5       100%        4
 Leda's Liquefaction      Hex/Erth       2%         N/A       100%        4
 Olgreb's Toxic Radiance  Pois           4%         N/A       100%        4
 Blade Hands              Tmut           2%         N/A       100%        5
 Lee's Rapid Deconstruct  Erth           2%         3d4*      100%        5
 Conjure Ball Lightning   Conj/Air       2%         3x3d6     100%        6
 Statue Form              Tmut/Erth      2%         N/A       100%        6
 Ozocubu's Refrigeration  Ice            2%         4d7       100%        7
 Discord                  Hex            2%         N/A       100%        8
 Disjunction              Tloc           2%         N/A       100%        8
 Ignition                 Fire           2%         3d3       100%        8
 Summon Horrible Things   Summ           2%         N/A       100%        8


Dungeon Overview and Level Annotations

Branches:
Dungeon (15/15)            Temple (0/1) D:7            Lair (5/5) D:8
  Swamp (0/4) Lair:2        Snake (0/4) Lair:2        Slime (0/5) Lair:4
    Orc (2/2) D:11            Elf (3/3) Orc:2        Vaults (0/5) D:14
 Depths (0/4) D:15         Bailey (visited)         Gauntlet (visited)

Altars:
Ashenzari
Gozag
Hepliaklqana
Makhleb
Nemelex Xobeh
Qazlal
Ru
Sif Muna
Vehumet

Shops:
D:2 (*[   D:8 =   D:9 [   D:15 :   Orc:1 **[   Orc:2 *[(=   Elf:1 [   Elf:2 ::=
Elf:3 *

Portals:
Trove: D:11 (give +5 demon blade)

Annotations:
Lair:1 2 transporters, exclusion: ice statue, pokeman's ghost, journeyman DEHW


Innate Abilities, Weirdness & Mutations

You have hooves in place of feet.
You sometimes emit foul miasma when damaged in melee.
You sometimes gain a little power by taking damage.
Your magical and physical power is enhanced at high health.
When seriously injured, your blood forms thick armour. (AC +9)


Message History

Your kick misses the deep elf archer.
The deep elf archer is almost dead.
The deep elf archer points at you and mumbles some strange words.
You resist with almost no effort.
The deep elf archer shoots an arrow.
The arrow hits you but does no damage.
The deep elf archer drinks a potion.
The deep elf archer flickers and vanishes for a moment.
You puncture the deep elf archer!
You kill the deep elf archer!
The deep elf annihilator points at you and mumbles some strange words.
The poison arrow hits you!!!
You are poisoned.
* * * LOW HITPOINT WARNING * * *
The deep elf archer shoots an arrow.
You reflect the arrow off an invisible shield around you!
The arrow hits the deep elf archer!!
You kill the deep elf archer!
The deep elf archer unwields a +0 short sword.
The deep elf archer wields a +0 shortbow.
The deep elf archer shoots an arrow.
The arrow closely misses you.
You are too injured to fight recklessly!
You are too injured to fight recklessly!
You are too injured to fight recklessly!
You feel better.
The deep elf archer is distracted by your dazzling golden aura.
You see here a +0 dagger.
The deep elf pyromancer gestures wildly while chanting.
There is an open door here.
You see here 3 gold pieces.
You close the door.
You start resting.
The deep elf annihilator gestures at you while chanting.
The poison arrow hits you.
You are poisoned.
You hear a shout!
You feel very sick.
You feel very sick.
The deep elf annihilator points at you and mumbles some strange words.
The crystal spear hits you!!!
You die...
Your body crumbles into a pile of gold.

....#..........##.#≈≈§≈.≈≈≈≈≈# #
....##.........##.#≈≈≈§§)≈≈≈≈#
....##........###.#≈≈§≈))≈§§≈#
....###.....####..≈≈≈≈)..∩≈§≈≈.#
....##'.....# #.....))....§...#
....#.####### #...))).....§...#
..<..## #..$≈§≈≈..≈§§§≈.# ....##
#### #..#≈≈≈≈..≈≈§§#.# ....#
###...###@.#≈≈§§.≈≈§§≈#.. ....#
##....○E.e#.#≈≈≈≈.§§≈≈≈# ....#
.....○○.e...####..§§#### ....#
.....e$...........§... ....#
..○........###.......# .....
.e.........# .. .. ...........#
...........# ...........#


You could see a deep elf annihilator, a deep elf archer (repels missiles,
invisible), a deep elf pyromancer and a fire elemental (summoned).

Vanquished Creatures
  Nikola (Elf:1)
  Jorgrun (Orc:1)
  Rupert (D:14)
  A deep elf blademaster (Elf:2)
  Kirke (D:13)
  A deep elf sorcerer (Elf:1)
  Nessos (D:14)
  3 deep elf demonologists
  A minotaur (Gauntlet)
  The ghost of Awe Rirch the Skirmisher, a journeyman VSBr of Fedhas (Lair:4)
  3 deep elf death magi
  Erolcha (Orc:1)
  An entropy weaver (shapeshifter) (D:14)
  3 catoblepae
  Erica (Lair:2)
  5 hydras
  The ghost of soul19 the Grappler, a novice TrFi of Trog (D:8)
  7 boulder beetles
  A death knight (D:11)
  26 dancing weapons
  6 two-headed ogres
  10 death yaks
  A tengu warrior (D:14)
  4 orc high priests
  16 deep elf knights
  Sonja (D:11)
  Amaemon (Lair:2)
  10 skeletal warriors (D:13)
  2 bog bodies (Lair:2)
  11 deep elf archers
  The ghost of hikkokomori the Firebug, a novice GrFE of Gozag (D:6)
  A wizard (D:15)
  A wolf spider zombie (D:13)
  A necromancer (D:15)
  37 deep elf pyromancers
  22 deep elf zephyrmancers
  Pikel (D:8)
  7 orc knights
  17 ugly things
  6 orc sorcerers
  21 elephants
  A moth of wrath (Gauntlet)
  2 manticores
  7 cyclopes
  8 centaur zombies
  Maurice (Orc:1)
  2 black mambas
  A naga mage (D:15)
  11 cane toads
  2 gargoyles (Gauntlet)
  3 molten gargoyles
  An orange demon (Lair:2)
  2 torpor snails
  A centaur skeleton (D:15)
  3 kobold demonologists (D:11)
  An efreet (D:15)
  3 rime drakes
  3 tengu conjurers
  4 yaktaurs
  9 komodo dragons
  9 trolls
  An ice devil (Gauntlet)
  A meliai (D:11)
  5 polar bears
  5 hornets (Lair:5)
  A wolf spider simulacrum (D:15)
  25 blink frogs
  9 dream sheep (Lair:5)
  A meliai zombie (D:13)
  A centaur simulacrum (D:14)
  2 air elementals (Elf:1)
  A slime creature (D:11)
  5 shadows
  Sigmund (D:3)
  13 spriggans (Lair:5)
  A spriggan (shapeshifter) (D:15)
  4 wyverns
  3 water elementals
  5 vampires
  64 yaks
  A hog (D:13)
  A human (shapeshifter) (D:11)
  4 basilisks
  4 fire elementals
  7 wraiths
  14 humans (D:14)
  2 vampire mosquitoes (D:12)
  4 steam dragons
  Grum (Bailey)
  2 wargs
  3 acid dragons
  11 water moccasins
  2 ice beasts (D:6)
  A sky beast (D:6)
  6 black bears
  An ogre (D:5)
  19 orc warriors
  4 boggarts (Lair:5)
  5 centaurs
  33 wolves
  A phantom (D:6)
  A lemure (D:8)
  6 kobold brigands
  12 bullfrogs
  8 gnoll sergeants
  A necrophage (D:7)
  4 scorpions
  8 wights
  11 killer bees
  3 electric eels
  7 howler monkeys
  2 lava snakes (D:15)
  4 hounds
  18 orc priests
  A jelly (D:7)
  7 gnoll boudas (Bailey)
  3 iguanas
  16 orc wizards
  A boggart zombie (D:15)
  A boggart simulacrum (D:15)
  31 gnolls
  An adder (D:4)
  A shadow imp (D:5)
  4 white imps (Gauntlet)
  5 worms
  A dart slug (D:1)
  34 orcs
  3 ball pythons
  5 bats
  3 endoplasms
  3 giant cockroaches (D:1)
  5 goblins
  5 hobgoblins
  19 kobolds
  4 quokkas
  2 frilled lizards (D:1)
  4 rats (D:1)
  A fire vortex (D:15)
831 creatures vanquished.

Vanquished Creatures (others)
  A deep elf knight (Elf:3)
  2 humans (D:14)
  An orc priest (Orc:2)
  An orc wizard (Orc:2)
  18 demonic plants (Gauntlet)
  21 fungi
  35 plants
  15 withered plants
94 creatures vanquished.

Grand Total: 925 creatures vanquished

Notes
Turn   | Place    | Note
-------+----------+-------------------------------------------
     0 | D:5      | flotson the Demonspawn Delver began the quest for the Orb.
     0 | D:5      | Reached XP level 1. HP: 18/18 MP: 1/1
     3 | D:5      | Noticed an orc wizard
     5 | D:5      | Noticed an orc priest
   273 | D:1      | Gained mutation: You may rarely emit foul miasma when
                  | damaged in melee. [demonic ancestry]
   273 | D:1      | Reached XP level 2. HP: 24/24 MP: 2/2
   389 | D:1      | HP: 1/24 [poisoned by a kobold]
   638 | D:1      | Found a faded altar of an unknown god.
   922 | D:1      | Gained mutation: You have large cloven feet. [demonic
                  | ancestry]
   922 | D:1      | Reached XP level 3. HP: 27/29 MP: 3/3
  1177 | D:2      | Reached skill level 1 in Evocations
  1209 | D:2      | Found Xayradut's Weapon Emporium.
  1214 | D:2      | Found Inih's General Store.
  1325 | D:2      | Found Ynezer's Armour Shop.
  1873 | D:3      | Noticed Sigmund
  1887 | D:3      | Killed Sigmund
  1888 | D:3      | Reached skill level 1 in Throwing
  1888 | D:3      | Reached skill level 1 in Armour
  1888 | D:3      | Reached skill level 5 in Stealth
  1888 | D:3      | Reached XP level 4. HP: 26/37 MP: 1/4
  1888 | D:3      | Gained mutation: You sometimes emit foul miasma when
                  | damaged in melee. [demonic ancestry]
  1888 | D:3      | Reached XP level 5. HP: 30/42 MP: 1/5
  2046 | D:3      | Found a shimmering blue altar of Sif Muna.
  2051 | D:3      | Found a broken altar of Ashenzari.
  2053 | D:3      | Found a stormy altar of Qazlal.
  2117 | D:3      | Found an opulent altar of Gozag.
  2131 | D:3      | Became a worshipper of Gozag Ym Sagoz the Greedy
  2188 | D:2      | Found Ynezer's Armour Shop.
  2305 | D:2      | Found Xayradut's Weapon Emporium.
  2306 | D:2      | Found Inih's General Store.
  2751 | D:3      | Found a hazy altar of Hepliaklqana.
  2986 | D:4      | Found a burning altar of Makhleb.
  3808 | D:5      | Gained mutation: When seriously injured, your blood forms
                  | armour. (AC +9) [demonic ancestry]
  3808 | D:5      | Reached XP level 6. HP: 48/48 MP: 6/6
  4197 | D:5      | Reached XP level 7. HP: 46/54 MP: 4/7
  4604 | D:5      | Noticed a steam dragon
  4612 | D:5      | Killed a steam dragon
  5187 | D:4      | Found a burning altar of Makhleb.
  6161 | D:3      | Found a shimmering blue altar of Sif Muna.
  6166 | D:3      | Found a broken altar of Ashenzari.
  6168 | D:3      | Found a stormy altar of Qazlal.
  6241 | D:3      | Found an opulent altar of Gozag.
  6267 | D:3      | Found a hazy altar of Hepliaklqana.
  6511 | D:4      | Found a burning altar of Makhleb.
  7869 | D:5      | Gained mutation: You sometimes gain a little power by
                  | taking damage. [demonic ancestry]
  7869 | D:5      | Reached XP level 8. HP: 52/58 MP: 8/8
  7989 | D:6      | Reached skill level 5 in Fighting
  8268 | D:6      | Learned a level 1 spell: Necrotise
  8523 | D:6      | Found a runed translucent door.
  8529 | D:6      | Noticed hikkokomori's ghost (novice GrFE)
  8821 | D:6      | Killed hikkokomori's ghost
  8822 | D:6      | Reached skill level 1 in Spellcasting
  8822 | D:6      | Reached skill level 1 in Necromancy
  8822 | D:6      | Reached XP level 9. HP: 53/69 MP: 6/11
  9635 | D:7      | Found a staircase to the Ecumenical Temple.
  9708 | D:8      | Found a staircase to the Lair.
  9781 | D:8      | Reached skill level 5 in Evocations
  9932 | D:8      | Noticed Pikel
 10005 | D:8      | Found a runed translucent gate.
 10005 | D:8      | Found a runed translucent gate.
 10006 | D:8      | Found a runed translucent gate.
 10006 | D:8      | Found an opulent altar of Gozag.
 10009 | D:8      | Noticed soul19's ghost (novice TrFi)
 10009 | D:8      | Noticed a deep elf pyromancer
 10018 | D:8      | Found Piharuh's Jewellery Shoppe.
 10060 | D:8      | Killed Pikel
 10061 | D:8      | Reached skill level 5 in Maces & Flails
 10061 | D:8      | Reached skill level 5 in Dodging
 10337 | D:8      | Gained mutation: You have hoof-like feet. [demonic
                  | ancestry]
 10337 | D:8      | Reached XP level 10. HP: 68/77 MP: 14/14
 10529 | D:9      | Found Daymiex's Antique Armour Boutique.
 10696 | D:9      | Noticed a two-headed ogre
 10705 | D:9      | Killed a two-headed ogre
 10706 | D:9      | Reached skill level 5 in Throwing
 10779 | D:9      | Found a sparkling altar of Nemelex Xobeh.
 10915 | D:9      | Reached skill level 5 in Armour
 11471 | D:10     | Entered Level 10 of the Dungeon
 11660 | D:10     | Found a flagged portal.
 11660 | D:10     | Noticed a two-headed ogre
 11680 | D:10     | Killed a two-headed ogre
 11871 | Bailey   | Entered a bailey
 12191 | Bailey   | Noticed Grum
 12199 | Bailey   | Killed Grum
 12341 | Bailey   | Reached skill level 5 in Necromancy
 12986 | Bailey   | Learned a level 3 spell: Vampiric Draining
 13165 | D:10     | Gained mutation: When seriously injured, your blood forms
                  | thick armour. (AC +9) [demonic ancestry]
 13165 | D:10     | Reached XP level 11. HP: 82/84 MP: 15/17
 13818 | D:2      | Bought the +7 sceptre of Torment {pain, torment} for 1680
                  | gold pieces
 13818 | D:2      | Found the +7 sceptre of Torment {pain, torment}
 13949 | D:9      | Bought a crude scale mail for 243 gold pieces
 13949 | D:9      | Identified the +4 scale mail of the Great Game {Drain rF+++
                  | rC++ Str-2} (You bought it in a shop on level 9 of the
                  | Dungeon)
 14341 | D:10     | Learned a level 5 spell: Agony
 14392 | Lair:1   | Entered Level 1 of the Lair of Beasts
 14473 | Lair:1   | Noticed a seven-headed hydra
 14854 | Lair:1   | Found a transporter.
 14876 | Lair:1   | Found a transporter.
 14965 | Lair:1   | Noticed pokeman's ghost (journeyman DEHW)
 15469 | Lair:1   | Identified the +0 leather armour of the Okapi {Rampage
                  | rElec Str+3 Int+2}
 16041 | D:2      | Bought the +0 pair of gloves "Ynuimet" {Str+5} for 308 gold
                  | pieces
 16046 | D:2      | Bought the +0 helmet "Foseeva" {Regen+} for 161 gold pieces
 16203 | Lair:2   | Found a gate leading to a gauntlet.
 16208 | Lair:2   | Noticed Erica
 16210 | Lair:2   | Found a staircase to the Snake Pit.
 16215 | Gauntlet | Entered a Gauntlet
 16215 | Gauntlet | Found a transporter.
 16215 | Gauntlet | Found a transporter.
 16255 | Gauntlet | Noticed a soul eater
 16264 | Gauntlet | Found a transporter.
 16266 | Gauntlet | Noticed a tengu warrior
 16275 | Gauntlet | Found a transporter.
 16282 | Gauntlet | Found a transporter.
 16289 | Gauntlet | Noticed a green ugly thing
 16290 | Gauntlet | Found a transporter.
 16290 | Gauntlet | Noticed a glowing orange brain
 16292 | Gauntlet | Found a transporter.
 16292 | Gauntlet | Found a transporter.
 16293 | Gauntlet | Noticed a glowing orange brain
 16296 | Gauntlet | Found a transporter.
 16301 | Gauntlet | Noticed a catoblepas
 16330 | Gauntlet | Found a transporter.
 16339 | Gauntlet | Found a transporter.
 16374 | Gauntlet | Found a transporter.
 16385 | Gauntlet | Found a transporter.
 16401 | Gauntlet | Found a transporter.
 16501 | Gauntlet | Found a transporter.
 16517 | Gauntlet | Found a transporter.
 16614 | Gauntlet | Reached skill level 5 in Spellcasting
 16779 | Gauntlet | Reached XP level 12. HP: 49/92 MP: 2/19
 16780 | Gauntlet | Killed a catoblepas
 16913 | Gauntlet | Identified the +0 pair of boots "Amu Qarr" {Fly rElec MP-9}
 16966 | Gauntlet | Identified the +2 triple crossbow of Ydaom {antimagic, Fly}
 16966 | Gauntlet | Noticed a minotaur
 16980 | Gauntlet | Killed a minotaur
 16985 | Gauntlet | Got the Commentary on Doom
 17215 | Lair:2   | Noticed Amaemon
 17220 | Lair:2   | Killed Erica
 17262 | Lair:2   | Found a radiant altar of Vehumet.
 17369 | Lair:2   | Killed Amaemon
 17436 | Lair:2   | Noticed an eight-headed hydra
 17443 | Lair:2   | Killed an eight-headed hydra
 17732 | Lair:2   | Found a staircase to the Swamp.
 18270 | D:9      | Bought a ruby-encrusted scale mail for 243 gold pieces
 18270 | D:9      | Identified the +4 scale mail of Puiwidoew {Int+3 Dex+2
                  | Slay+3} (You bought it in a shop on level 9 of the Dungeon)
 18496 | Lair:3   | Gained mutation: You have hooves in place of feet. [demonic
                  | ancestry]
 18496 | Lair:3   | Reached XP level 13. HP: 33/89 MP: 6/22
 19114 | D:8      | Bought a +4 ring of slaying for 780 gold pieces
 19133 | D:8      | Killed soul19's ghost
 19585 | Lair:4   | Identified the +0 flail "Hysesch" {freeze, Contam rN+ Will+
                  | Int+3}
 19899 | Lair:4   | Found a runed translucent door.
 19900 | Lair:4   | Noticed Awe Rirch's ghost (journeyman VSBr)
 20099 | Lair:4   | Found a staircase to the Slime Pits.
 20315 | Lair:4   | Killed Awe Rirch's ghost
 20358 | Lair:5   | Entered Level 5 of the Lair of Beasts
 20495 | Lair:5   | Reached skill level 10 in Maces & Flails
 20495 | Lair:5   | Gained mutation: Your magical and physical power is
                  | slightly enhanced at high health. [demonic ancestry]
 20495 | Lair:5   | Reached XP level 14. HP: 100/108 MP: 21/24
 21045 | Lair:5   | Reached skill level 1 in Shields
 21999 | D:11     | Noticed Sonja
 22000 | D:11     | Killed Sonja
 22104 | D:11     | Reached skill level 10 in Fighting
 22565 | D:11     | Found a staircase to the Orcish Mines.
 22840 | D:11     | Found a runed translucent door.
 22845 | D:11     | Found a runed translucent door.
 23124 | D:11     | Found a portal to a secret trove of treasure.
 23343 | D:11     | Identified the +4 great sword of Earthquakes {heavy, Drain
                  | Fly rElec rPois}
 23572 | Orc:1    | Entered Level 1 of the Orcish Mines
 23644 | Orc:2    | Entered Level 2 of the Orcish Mines
 23687 | Orc:2    | Found a staircase to the Elven Halls.
 24220 | Orc:2    | Found Jiron's Jewellery Shop.
 24233 | Orc:2    | Reached XP level 15. HP: 71/114 MP: 14/26
 24362 | Orc:2    | Found Kowkium's Antique Weapon Shop.
 24368 | Orc:2    | Found Xurocw's Antique Armour Shoppe.
 24368 | Orc:2    | Found Odemn's Assorted Antiques.
 24481 | Orc:2    | Bought a scroll labelled IJEVVU HENN for 27 gold pieces
 24481 | Orc:2    | Bought a fine scale mail for 243 gold pieces
 24481 | Orc:2    | Identified the +3 scale mail of the Lobster {rElec rN+
                  | Int-4} (You bought it in a shop on level 2 of the Orcish
                  | Mines)
 24680 | Orc:1    | Noticed Jorgrun
 24686 | Orc:1    | Killed Jorgrun
 24708 | Orc:1    | Noticed Maurice
 24711 | Orc:1    | Killed Maurice
 24845 | Orc:1    | Noticed Erolcha
 24848 | Orc:1    | Killed Erolcha
 24936 | Orc:1    | Bought a scroll of identify for 54 gold pieces
 24937 | Orc:1    | Bought a jewelled mace for 216 gold pieces
 24937 | Orc:1    | Identified the +10 mace of Equivalence {heavy, rPois rC-
                  | Str+4 Stlth+} (You bought it in a shop on level 1 of the
                  | Orcish Mines)
 24939 | Orc:1    | Bought a scroll of identify for 34 gold pieces
 24939 | Orc:1    | Bought a scroll of acquirement for 884 gold pieces
 24940 | Orc:1    | Acquired 1154 gold pieces
 24941 | Orc:1    | Acquired a manual of Necromancy
 24945 | Orc:1    | Bought a pair of distressingly furry gloves for 418 gold
                  | pieces
 24945 | Orc:1    | Identified the +0 pair of gloves of Beauty {*Slow Will-
                  | rCorr Int+7} (You bought it in a shop on level 1 of the
                  | Orcish Mines)
 24945 | Orc:1    | Bought a crude chain mail for 418 gold pieces
 24945 | Orc:1    | Identified the +5 chain mail of Shadows and Fog {Will+}
                  | (You bought it in a shop on level 1 of the Orcish Mines)
 25358 | D:12     | Reached skill level 10 in Necromancy
 25526 | D:13     | Reached skill level 10 in Evocations
 25657 | D:13     | Noticed Kirke
 25666 | D:13     | Killed Kirke
 26529 | D:14     | Acquired 572 gold pieces
 26734 | D:14     | Noticed Nessos
 26737 | D:14     | Noticed Rupert
 26742 | D:14     | Killed Nessos
 26793 | D:14     | Found a gate to the Vaults.
 26874 | D:14     | Killed Rupert
 26875 | D:14     | Reached XP level 16. HP: 124/124 MP: 28/28
 27114 | D:14     | Found a sacrificial altar of Ru.
 27193 | D:15     | Entered Level 15 of the Dungeon
 27329 | D:15     | Found a staircase to the Depths.
 27504 | D:15     | Found Naonnix's Book Boutique.
 28068 | Elf:1    | Entered Level 1 of the Elven Halls
 28130 | Elf:1    | Reached skill level 5 in Shields
 28310 | Elf:1    | Found Agheis's Armour Shoppe.
 28317 | Elf:1    | Bought the +0 mask of the Dragon {Will+ Slay+3 SInv} for
                  | 334 gold pieces
 28317 | Elf:1    | Found the +0 mask of the Dragon {Will+ Slay+3 SInv}
 28488 | Elf:1    | Noticed an Ice Fiend
 28489 | Elf:1    | Noticed a Brimstone Fiend
 28490 | Elf:1    | Reached skill level 10 in Dodging
 28510 | Elf:1    | Reached skill level 10 in Throwing
 28768 | Elf:1    | Got the Quarto of Generation
 28820 | Elf:1    | Noticed Nikola
 28836 | Elf:1    | Killed Nikola
 29026 | Elf:1    | Paralysed by an air elemental for 1 turns
 29423 | Elf:1    | Reached skill level 10 in Armour
 30216 | Elf:2    | Identified the +1 robe "Jikaiwebb" {rN+ Regen+ Int+7 Dex-2}
 30238 | Elf:2    | Gained mutation: Your magical and physical power is
                  | enhanced at high health. [demonic ancestry]
 30238 | Elf:2    | Reached XP level 17. HP: 110/132 MP: 24/29
 30444 | Elf:2    | Found Atroclu's Book Boutique.
 30446 | Elf:2    | Found Gosoegoe's Jewellery Shoppe.
 30447 | Elf:2    | Found Nutuhasy's Book Boutique.
 30475 | Elf:2    | Found a runed translucent gate.
 30476 | Elf:2    | Found a runed translucent gate.
 30476 | Elf:2    | Found a runed translucent gate.
 31155 | Elf:2    | Noticed a deep elf blademaster
 31161 | Elf:2    | Killed a deep elf blademaster
 31607 | Elf:3    | Entered Level 3 of the Elven Halls
 32035 | Elf:3    | Found a shimmering blue altar of Sif Muna.
 32078 | Elf:3    | Found Rierel's Elven Fire.
 32481 | Elf:3    | Killed from afar by a deep elf annihilator

Illustrated notes

Levels and vault maps discovered:
D:1:      lightli_arrival_noodles, layout_basic, ebering_ecumenical_altar_rust
D:2:      layout_loops_cross, serial_shops, shop, nicolae_shop_crystal,
          nicolae_shop_crystal, chequers_serial_rivers_micro_e,
          nicolae_wormholes
D:3:      layout_rooms, nzn_hepliaklqana_mist_gate, minitemple,
          mainiacjoe_overflow_concentric_impassable, uniq_sigmund
D:4:      layout_cave_pods, mainiacjoe_overflow_surrounded_room
D:5:      layout_basic, serial_bayou_ford_a
D:6:      layout_cave_pools, zin_treasury, serial_column_ruins,
          column_ruins_open_large, column_ruins_columns_corner,
          column_ruins_columns_straight, column_ruins_columns_T,
          hellmonk_ghost_happy_afterlife
D:7:      layout_cave_pools, temple_hall
D:8:      layout_cave_pools, nicolae_overflow_hidden_temple,
          ebering_ghost_gozag, minmay_shop_enchanted_jewellery, uniq_pikel
D:9:      layout_irregular_city, nemelex_spade_bored_becter, serial_shops, shop
D:10:     layout_gridville, lightli_bailey_entry_fortress
D:11:     minmay_the_grid_triangle_9x9_recursive_3
          [minmay_the_grid_triangle_9x9_zippers_vertical,
          minmay_the_grid_triangle_9x9_tough_junction,
          minmay_the_grid_triangle_9x9_shrine,
          minmay_the_grid_triangle_9x9_prize_insulated,
          minmay_the_grid_triangle_9x9_steps,
          minmay_the_grid_triangle_9x9_zippers_horizontal,
          minmay_the_grid_triangle_9x9_limited_checkers,
          minmay_the_grid_triangle_9x9_warning,
          minmay_the_grid_triangle_9x9_dagger], layout_loops_corners,
          nicolae_trove_entry_columns, uniq_sonja
D:12:     layout_rooms
D:13:     layout_irregular_city, serial_undead, serial_undead_b,
          serial_undead_f, serial_undead_a, serial_undead_b, uniq_kirke
D:14:     layout_basic, david_vaults_3, elyvilon_altar_4,
          nicolae_ru_the_path_less_chosen
D:15:     grunt_enter_depths_magical_seal, layout_rooms, grunt_decor_junction,
          serial_shops, shop, minmay_door_square, minmay_misc_feat_ornament,
          grunt_ministairs_9
Lair:1:   layout_cave_pods, nzn_ghost_randoct
Lair:2:   layout_chaotic_city, skrybe_swamp_entry_bodies, dummy_snake_entry,
          gauntlet_entry_generic, basic_altar, serial_bayou_pond_d,
          lemuel_fruit_tree, grunt_megastairs_2, uniq_erica, uniq_amaemon
Lair:3:   layout_roguey, chequers_serial_rivers_micro_c, grunt_megastairs_4,
          infiniplex_staircase_pool
Lair:4:   layout_long_grid, slime_entry_1, ebering_ghost_reflecting_pool,
          serial_bayou_shore_b, grunt_megastairs_3, uniq_nessos
Lair:5:   minmay_lair_end_enchanted_forest, layout_layer_cave,
          lemuel_fruit_fields
Orc:1:    layout_diamond_mine, basic_altar, uniq_maurice, uniq_jorgrun,
          uniq_erolcha
Orc:2:    st_orc_elflike, layout_caves, nicolae_orc_pool_cavern
Elf:1:    nicolae_elf_arrival_fired_up, layout_gridlike, serial_shops, shop,
          minmay_elf_demonology, minivault_26, uniq_nikola
Elf:2:    nicolae_elf_blades_crystal_corner, layout_rooms, minmay_shop_grove
Elf:3:    elf_hall, layout_geoelf_castle, basic_altar, guppyfry_elf_lava

Skill      XL: |  1  2  3  4  5  6  7  8  9 10 11 12 13 14 15 16 17 |
---------------+----------------------------------------------------+-----
Maces & Flails | 2 3 4 5 6 7 8 10 11 12 13 | 13.7
Dodging        | 2 3 4 5 6 7 8 9 10 | 10.7
Evocations     | 2 3 4 5 6 7 8 9 10 11 | 11.5
Throwing       | 1 2 3 4 5 6 7 8 9 10 | 10.6
Armour         | 1 2 3 4 5 6 7 8 9 10 | 10.4
Stealth        | 5 |  5.0
Fighting       | 4 5 6 7 8 9 10 11 12 | 12.0
Spellcasting   | 1 2 4 5 6 7 8 |  8.0
Necromancy     | 1 3 5 6 7 8 9 11 12 13 | 13.4
Shields        | 2 4 5 6 |  6.3

Action                     |  1- 3 |  4- 6 |  7- 9 | 10-12 | 13-15 | 16-18 || total
---------------------------+-------+-------+-------+-------+-------+-------++-------
  Melee: Mace              |    57 |       |       |       |       |       ||    57
         Dagger            |    94 |    50 |    46 |       |       |       ||   190
         Kick              |    17 |    21 |    48 |   127 |   266 |   110 ||   589
         Punch             |     2 |     2 |     2 |     6 |       |       ||    12
         Morningstar       |       |       |   126 |   114 |       |       ||   240
         Bardiche          |       |       |       |    20 |       |       ||    20
         Flail             |       |       |       |    22 |       |       ||    22
         Eveningstar       |       |       |       |   242 |   742 |   355 ||  1339
  Throw: Dart              |       |     2 |     9 |    12 |     3 |     3 ||    29
         Javelin           |       |       |       |       |       |     3 ||     3
   Cast: Necrotise         |       |       |       |       |     5 |       ||     5
         Agony             |       |       |       |       |     1 |       ||     1
 Invoke: Call Merchant     |       |       |       |       |     3 |       ||     3
  Evoke: Wand              |       |       |     7 |    30 |     3 |     1 ||    41
    Use: Scroll            |     1 |       |       |    15 |     8 |     7 ||    31
         Potion            |       |       |     2 |     7 |     1 |     3 ||    13
   Stab: Sleeping          |     2 |       |     1 |     2 |     3 |       ||     8
         Distracted        |       |       |       |     1 |    10 |     5 ||    16
 Armour: Scale mail        |    64 |    11 |    92 |   204 |   228 |       ||   599
         Chain mail        |       |       |       |       |   172 |   155 ||   327
  Dodge: Dodged            |    76 |    29 |   124 |   355 |   407 |   134 ||  1125
  Block: Buckler           |       |       |       |       |   147 |    87 ||   234
         Reflection        |       |       |       |       |       |     5 ||     5

Table legend: (Time is in decaauts)
 A = Elapsed time spent in this place.
 B = Non-inter-level travel time spent in this place.
 C = Inter-level travel time spent in this place.
 D = Time resting spent in this place.
 E = Time spent auto-exploring this place.
 F = Levels seen in this place.
 G = Mean time per level.
                   A        B        C        D        E       F      G
               +--------+--------+--------+--------+--------+-----+--------+
         Total |  32625 |  30565 |   2060 |   1078 |  24307 |  27 | 1208.3 |
       Dungeon |  18470 |  16960 |   1510 |    823 |  13478 |  15 | 1231.3 |
          Lair |   6249 |   5923 |    326 |      2 |   4848 |   5 | 1249.8 |
  Orcish Mines |   1454 |   1301 |    153 |      0 |   1005 |   2 |  727.0 |
   Elven Halls |   4379 |   4309 |     70 |    194 |   3457 |   3 | 1459.7 |
        Bailey |   1168 |   1168 |      0 |     59 |    824 |   1 | 1168.0 |
      Gauntlet |    903 |    903 |      0 |      0 |    694 |   1 |  903.0 |
               +--------+--------+--------+--------+--------+-----+--------+

Top non-repeatable levels by time:
     D:4: 2633 daAuts
     D:5: 2243 daAuts
   Elf:2: 1832 daAuts
  Lair:1: 1737 daAuts
   Elf:1: 1682 daAuts
    D:11: 1625 daAuts
  Lair:5: 1531 daAuts
     D:2: 1438 daAuts
    D:10: 1391 daAuts
     D:9: 1206 daAuts
  Bailey: 1168 daAuts
  Lair:2: 1103 daAuts
     D:3: 1073 daAuts
     D:8: 1068 daAuts
   Orc:2: 1044 daAuts
